[Event "Titled Tuesday Blitz February 07 Early 2023"]
[White "Mohammed, Zozek Salah Mohammed"]
[Black "Vaglio Munoz, Jaime"]
[WhiteFideId "4803361"]
[BlackFideId "6500145"]
[WhiteElo "2210"]
[BlackElo "2174"]
[Result "0-1"]
[Round "06"]
[TimeControl "180+2"]
[Date "2023.02.07"]
[WhiteClock "0:00:37"]
[BlackClock "0:00:32"]

1. d4 c6 2. Nf3 b5 3. g3 d5 4. Bg2 g6 5. O-O Bg7 6. a4 b4 7. Bg5 a5 8. Nbd2 Nf6 9. Nb3 O-O 10. Ne5 Nfd7 11. Nd3 h6 12. Bf4 Ba6 13. Bxb8 Bxd3 14. Qxd3 Qxb8 15. e4 e6 16. e5 Qb6 17. f4 c5 18. Qe3 cxd4 19. Nxd4 Rac8 20. Rac1 Rc4 21. Rfd1 Rfc8 22. Kf2 h5 23. Bf1 R4c7 24. Rd2 Nc5 25. Bg2 Nxa4 26. b3 Nc3 27. Nf5 Qxe3+ 28. Nxe3 Bf8 29. Ra1 Bc5 30. Rxa5 d4 31. Nc4 d3+ 32. Rxc5 Rxc5 33. Rxd3 Rxc4 34. bxc4 Rxc4 35. Rd8+ Kg7 36. Rb8 Na2 37. Bh3 Rxc2+ 38. Kf3 Rb2 39. Rb7 Kf8 40. Rb8+ Ke7 41. Rb7+ Ke8 42. Rb8+ Kd7 43. Rb7+ Kc6 44. Rxf7 Rxh2 45. Bxe6 Nc3 46. Rf6 Kc5 47. Rxg6 Kd4 48. Bf7 Ne4 49. f5 Rf2# 0-1


[Site "https://www.chess.com"]

[Event "Titled Tuesday Blitz February 07 Early 2023"]
[White "Fan_Of_Chucky"]
[Black "Bozorov, Makhsum"]
[BlackFideId "14201330"]
[WhiteElo "2269"]
[BlackElo "2145"]
[Result "1-0"]
[Round "06"]
[TimeControl "180+2"]
[Date "2023.02.07"]
[WhiteClock "0:01:17"]
[BlackClock "0:00:21"]

1. d4 Nf6 2. c4 g6 3. Nf3 Bg7 4. g3 c6 5. Bg2 d5 6. O-O O-O 7. cxd5 cxd5 8. Ne5 Ng4 9. Nxg4 Bxg4 10. Nc3 Nc6 11. h3 Be6 12. e4 Nxd4 13. exd5 Bd7 14. Bh6 Bxh6 15. Qxd4 Bg7 16. Qd2 Rc8 17. Qe3 b6 18. Rfe1 e5 19. d6 Be6 20. Rad1 Qd7 21. Nd5 Bxd5 22. Bxd5 Kh8 23. Bb3 f5 24. Rd5 e4 25. Rc1 Bxb2 26. Rxc8 Rxc8 27. Qd2 Bf6 28. g4 Rc5 29. g5 Bd8 30. Rxc5 bxc5 31. Qd5 Qg7 32. Qe6 Qf8 33. Qe5+ 1-0


[Site "https://www.chess.com"]

[Event "Titled Tuesday Blitz February 07 Early 2023"]
[White "Shubenkova, Veronika"]
[Black "Ciuffoletti, Paolo"]
[WhiteFideId "44124040"]
[BlackFideId "807630"]
[WhiteElo "1960"]
[BlackElo "2106"]
[Result "0-1"]
[Round "06"]
[TimeControl "180+2"]
[Date "2023.02.07"]
[WhiteClock "0:01:15"]
[BlackClock "0:00:16"]

1. e4 c5 2. Nc3 Nc6 3. g3 g6 4. Bg2 Bg7 5. d3 d6 6. f4 e6 7. Nf3 Nge7 8. O-O Nd4 9. Be3 Rb8 10. Rb1 b5 11. Ne2 Nec6 12. Nexd4 cxd4 13. Bf2 O-O 14. Qe2 Bd7 15. Rbe1 Qa5 16. a3 b4 17. axb4 Qxb4 18. b3 a5 19. e5 d5 20. Ra1 Ra8 21. Be1 Qb6 22. Qf2 Rfc8 23. Bc3 Bf8 24. Bb2 a4 25. Nxd4 Bc5 26. c3 a3 27. b4 Bxd4 28. cxd4 axb2 29. Qxb2 Qxb4 30. Qxb4 Nxb4 31. Rxa8 Rxa8 32. Rb1 Nxd3 33. Bf1 Ra3 34. Rb8+ Kg7 35. Rb1 Ba4 36. Be2 Bc2 37. Rf1 Rb3 38. Bg4 Rb1 39. Rxb1 Bxb1 40. Be2 Nb4 41. Kf2 Be4 42. Bd1 Nc2 43. Bxc2 Bxc2 44. Ke3 Be4 45. Kd2 h5 46. h4 Kf8 47. Kc3 Ke7 48. Kb4 Kd7 49. Kb5 Kc7 50. Kc5 Bd3 51. Kb4 Kb6 52. Ka4 Bc4 53. Kb4 Bd3 54. Ka4 Bc2+ 55. Kb4 Bd1 56. Kc3 Kb5 57. Kd2 Bg4 58. Kc3 Ka4 59. f5 Bxf5 60. Kd2 Kb4 61. Ke3 Kc4 62. g4 Bxg4 0-1


[Site "https://www.chess.com"]

[Event "Titled Tuesday Blitz February 07 Early 2023"]
[White "Onslow, Alfie"]
[Black "Maung, Maung Kyaw Zaw Hein"]
[WhiteFideId "436976"]
[BlackFideId "13001698"]
[WhiteElo "2157"]
[BlackElo "2119"]
[Result "1-0"]
[Round "06"]
[TimeControl "180+2"]
[Date "2023.02.07"]
[WhiteClock "0:02:40"]
[BlackClock "0:02:34"]

1. e4 c6 2. Nf3 d5 3. d3 Bg4 4. h3 Bxf3 5. Qxf3 e5 6. Nc3 d4 7. Ne2 Be7 8. g4 Bg5 9. Bxg5 Qxg5 10. h4 Qd8 11. Ng3 Nd7 12. Nf5 Qf6 13. g5 Qg6 14. h5 Qxg5 15. Nd6+ Kd8 16. Nxf7+ 1-0


[Site "https://www.chess.com"]

[Event "Titled Tuesday Blitz February 07 Early 2023"]
[White "Goncalves, Davi Sulzbacher"]
[Black "Gharamian, Tigran"]
[WhiteFideId "2154510"]
[BlackFideId "13301527"]
[WhiteElo "2282"]
[BlackElo "2601"]
[Result "1-0"]
[Round "06"]
[TimeControl "180+2"]
[Date "2023.02.07"]
[WhiteClock "0:00:30"]
[BlackClock "0:00:01"]

1. Nf3 d5 2. d4 Nf6 3. c4 e6 4. Nc3 dxc4 5. e4 b5 6. e5 Nd5 7. Nxb5 Nb6 8. Nc3 Bb7 9. Bxc4 Nxc4 10. Qa4+ Qd7 11. Qxc4 Ba6 12. Qa4 Qxa4 13. Nxa4 Bb4+ 14. Bd2 Nc6 15. O-O-O Rb8 16. a3 Bxd2+ 17. Rxd2 Na5 18. Rc2 Nb3+ 19. Kd1 Bb5 20. Nc5 O-O 21. Nxb3 Ba4 22. Nc5 Bxc2+ 23. Kxc2 Rfd8 24. Kc3 Rb6 25. b4 f6 26. Re1 Kf7 27. a4 h6 28. a5 Rb5 29. exf6 gxf6 30. Nxe6 Rdb8 31. Nd2 Re8 32. Kc4 Rf5 33. Ng7 Rxe1 34. Nxf5 Re2 35. Kd3 Rxf2 36. Nh4 Rf4 37. g3 Rg4 38. Nf5 Kg6 39. Ne3 Rg5 40. Nf3 Rh5 41. Nh4+ Kg5 42. Ke4 1-0


[Site "https://www.chess.com"]

[Event "Titled Tuesday Blitz February 07 Early 2023"]
[White "Clawitter, Craig"]
[Black "Mouhamad, Joachim"]
[WhiteFideId "2023105"]
[BlackFideId "656410"]
[WhiteElo "2050"]
[BlackElo "2238"]
[Result "0-1"]
[Round "06"]
[TimeControl "180+2"]
[Date "2023.02.07"]
[WhiteClock "0:00:05"]
[BlackClock "0:00:14"]

1. e4 c5 2. Nf3 Nc6 3. d4 cxd4 4. Nxd4 g6 5. Nc3 Bg7 6. Be3 Nf6 7. Bc4 Qa5 8. O-O O-O 9. Bb3 d6 10. h3 Bd7 11. Re1 Nxd4 12. Bxd4 Bc6 13. Nd5 Bxd5 14. exd5 Rfe8 15. c3 Nd7 16. Bxg7 Kxg7 17. Qd4+ Kg8 18. Re3 Qc5 19. Rd1 Qxd4 20. Rxd4 Kf8 21. Ba4 Red8 22. Bc2 b5 23. a4 Rab8 24. Rb4 a6 25. Bd3 bxa4 26. Bxa6 Nc5 27. Bb5 Rb6 28. Bc6 Rdb8 29. Rh4 h5 30. g4 Rxb2 31. gxh5 a3 32. h6 Kg8 33. h7+ Kh8 34. Rxe7 a2 35. Rxf7 a1=Q+ 36. Kg2 Rb1 37. Rhf4 Rg1+ 38. Kf3 Qd1+ 39. Ke3 Qd3# 0-1


[Site "https://www.chess.com"]

[Event "Titled Tuesday Blitz February 07 Early 2023"]
[White "Dzhaparov, Medet"]
[Black "Krzywda, Andrzej"]
[WhiteFideId "13803689"]
[BlackFideId "1114565"]
[WhiteElo "1578"]
[BlackElo "2223"]
[Result "0-1"]
[Round "06"]
[TimeControl "180+2"]
[Date "2023.02.07"]
[WhiteClock "0:00:17"]
[BlackClock "0:00:12"]

1. e4 e6 2. d4 d5 3. exd5 exd5 4. Nf3 Bd6 5. Bd3 Nc6 6. Qe2+ Nge7 7. O-O Bg4 8. h3 Bh5 9. g4 Bg6 10. Bxg6 hxg6 11. Kg2 Qd7 12. c3 O-O-O 13. b4 Rxh3 14. Kxh3 Rh8+ 15. Nh4 g5 16. Bxg5 Ng6 17. Qf3 f6 18. Qf5 fxg5 19. Qxd7+ Kxd7 20. Rh1 Rxh4+ 21. Kg2 Nf4+ 22. Kg1 Ne2+ 23. Kg2 Nf4+ 24. Kg1 Rxg4+ 25. Kf1 a5 26. bxa5 Nxa5 27. Rg1 Rxg1+ 28. Kxg1 Nc4 29. f3 Ke6 30. Kf2 Kf5 31. a4 b6 32. Ke1 g4 33. fxg4+ Kxg4 34. Nd2 Nxd2 35. Kxd2 Kf3 36. Rg1 g6 37. Rf1+ Kg2 38. Ra1 g5 39. Ke3 g4 40. Ra2+ Kh3 41. Ra1 g3 42. Kf3 g2 43. Kf2 Kh2 44. Rd1 Nh3+ 45. Ke3 Bg3 46. Rc1 Bf2+ 47. Kd3 Bg3 48. c4 dxc4+ 49. Kxc4 Nf2 50. Kb5 Ne4 51. a5 bxa5 52. Kxa5 Nd2 53. Kb5 Nf1 54. Rc2 Kh3 55. Rxg2 Kxg2 56. d5 Bd6 57. Kc6 Kf3 58. Kb5 Ke4 59. Kc6 Ne3 60. Kb5 Nxd5 61. Kc4 Ne7 62. Kc3 Kd5 63. Kd3 c5 64. Kc3 c4 65. Kc2 Kd4 66. Kd2 c3+ 67. Kc2 Kc4 68. Kc1 Kd3 69. Kd1 c2+ 70. Kc1 Ba3# 0-1


[Site "https://www.chess.com"]

[Event "Titled Tuesday Blitz February 07 Early 2023"]
[White "Szyszylo, Rafal"]
[Black "Sailer, Mike"]
[WhiteFideId "1109626"]
[BlackFideId "2012901"]
[WhiteElo "2091"]
[BlackElo "2109"]
[Result "1-0"]
[Round "06"]
[TimeControl "180+2"]
[Date "2023.02.07"]
[WhiteClock "0:00:17"]
[BlackClock "0:00:13"]

1. e4 g6 2. d4 Bg7 3. Nc3 c6 4. Nf3 d5 5. Be2 Bg4 6. h3 Bxf3 7. Bxf3 e6 8. exd5 cxd5 9. O-O Ne7 10. Ne2 Nbc6 11. c3 O-O 12. Re1 Nf5 13. g3 h5 14. h4 b5 15. Bg5 Qb6 16. a3 a5 17. Qd2 b4 18. axb4 axb4 19. Kg2 Rfb8 20. g4 hxg4 21. Bxg4 Nd6 22. Bf4 Ne4 23. Qe3 Rxa1 24. Rxa1 bxc3 25. bxc3 Qb2 26. Rh1 Rb3 27. h5 Nxc3 28. hxg6 Nxe2 29. gxf7+ Kf8 30. Bd6+ Ne7 31. Bxe7+ Kxf7 32. Qxe6+ Ke8 33. Bh5# 1-0


[Site "https://www.chess.com"]

[Event "Titled Tuesday Blitz February 07 Early 2023"]
[White "Magallanes, Rey Jomar"]
[Black "Matveeva, Olga"]
[WhiteFideId "5205948"]
[BlackFideId "24107018"]
[WhiteElo "2052"]
[BlackElo "2128"]
[Result "0-1"]
[Round "06"]
[TimeControl "180+2"]
[Date "2023.02.07"]
[WhiteClock "0:00:10"]
[BlackClock "0:00:19"]

1. e4 e6 2. d4 d5 3. e5 c5 4. c3 Nc6 5. Nf3 Qb6 6. a3 Nh6 7. b4 cxd4 8. cxd4 Nf5 9. Be3 f6 10. exf6 gxf6 11. Bd3 Nxe3 12. fxe3 Bh6 13. Qe2 Bd7 14. O-O O-O-O 15. Nc3 Kb8 16. Rac1 Ne7 17. Nd2 e5 18. Nb3 exd4 19. Nxd4 Bg4 20. Qxg4 Bxe3+ 21. Kh1 Qxd4 22. Qxd4 Bxd4 23. Ne2 Be5 24. Nf4 h6 25. Ne6 Rc8 26. Nc5 Ka8 27. g3 h5 28. Kg2 h4 29. Nd7 Rxc1 30. Rxc1 hxg3 31. hxg3 a6 32. Re1 Nc6 33. b5 axb5 34. Bxb5 Nd4 35. Nxe5 fxe5 36. a4 Nxb5 37. axb5 Re8 38. Kf3 Kb8 39. Rd1 d4 40. Ke4 Kc7 41. Rf1 Kb6 42. Rb1 Kc5 43. g4 Kd6 44. b6 Rf8 45. Rc1 Rf4+ 46. Kd3 Rxg4 47. Rc7 Rg3+ 48. Ke4 Re3+ 49. Kf5 Rf3+ 50. Ke4 Rf4+ 51. Kd3 Kd5 52. Rxb7 e4+ 53. Kd2 Rf2+ 54. Ke1 Rb2 55. Rb8 Kc4 56. b7 Kd3 57. Kf1 e3 0-1


[Site "https://www.chess.com"]

[Event "Titled Tuesday Blitz February 07 Early 2023"]
[White "Manon-og, Ramon Jr."]
[Black "Kiseleva, Arina"]
[WhiteFideId "5200776"]
[BlackFideId "4164989"]
[WhiteElo "1999"]
[BlackElo "1962"]
[Result "1/2-1/2"]
[Round "06"]
[TimeControl "180+2"]
[Date "2023.02.07"]
[WhiteClock "0:00:52"]
[BlackClock "0:00:04"]

1. e4 c6 2. d4 d5 3. e5 Bf5 4. Nd2 e6 5. Nb3 Nd7 6. Nf3 h6 7. Be2 a6 8. O-O Ne7 9. c3 Qc7 10. Be3 c5 11. Nxc5 Nxc5 12. dxc5 Nc6 13. Bd4 Be4 14. Qa4 Be7 15. Nd2 Bf5 16. f4 O-O 17. g4 Bh7 18. Nf3 f6 19. exf6 Bxf6 20. g5 Bxd4+ 21. cxd4 Qxf4 22. gxh6 Qe3+ 23. Rf2 Be4 24. h7+ Kh8 25. Qb3 Qxb3 26. axb3 Bxf3 27. Bxf3 Nxd4 28. Bg4 Rxf2 29. Kxf2 Rf8+ 30. Kg3 Nxb3 31. Re1 Nxc5 32. b4 Ne4+ 33. Kh4 Rf6 34. Kh3 Nf2+ 35. Kg3 Nxg4 36. Kxg4 Kxh7 37. h4 Kg6 38. h5+ Kf7 39. Rc1 Kg8 40. Rc8+ Rf8 41. Rc7 Rf7 42. Rc8+ Kh7 43. Re8 Rf6 44. Re7 b6 45. Ra7 a5 46. bxa5 bxa5 47. Rxa5 d4 48. Ra7 e5 49. Re7 Rf4+ 50. Kg5 Re4 51. h6 Re1 52. Rxg7+ Kh8 53. Rd7 e4 54. Rxd4 e3 55. Kg6 Rg1+ 56. Kh5 e2 57. Rd8+ Kh7 58. Rd7+ Kh8 59. Rd8+ Kh7 60. Rd7+ Kh8 61. Rd8+ 1/2-1/2


[Site "https://www.chess.com"]

[Event "Titled Tuesday Blitz February 07 Early 2023"]
[White "Da Silva Junior, Sediney Mari"]
[Black "Osiecki, Stanislaw"]
[WhiteFideId "2132079"]
[BlackFideId "1102990"]
[WhiteElo "2010"]
[BlackElo "2055"]
[Result "1-0"]
[Round "06"]
[TimeControl "180+2"]
[Date "2023.02.07"]
[WhiteClock "0:02:43"]
[BlackClock "0:02:05"]

1. e4 e6 2. Nf3 d5 3. e5 c5 4. b4 Nc6 5. bxc5 Bxc5 6. d4 Bb6 7. c3 Nge7 8. h4 h6 9. Bd3 O-O 10. g4 Bd7 11. g5 h5 12. g6 Nxg6 13. Ng5 f6 14. Qxh5 fxg5 15. Bxg6 Rf5 16. Qh7+ Kf8 17. Qh8+ 1-0


[Site "https://www.chess.com"]

[Event "Titled Tuesday Blitz February 07 Early 2023"]
[White "Fathy, Elameir"]
[Black "Baruch, Liam"]
[WhiteFideId "10600396"]
[BlackFideId "14322064"]
[WhiteElo "2300"]
[BlackElo "1718"]
[Result "1-0"]
[Round "06"]
[TimeControl "180+2"]
[Date "2023.02.07"]
[WhiteClock "0:01:18"]
[BlackClock "0:00:21"]

1. d4 d5 2. c4 e6 3. Nf3 Nf6 4. Nc3 Be7 5. Bf4 O-O 6. e3 b6 7. Bd3 dxc4 8. Bxc4 Ba6 9. Bxa6 Nxa6 10. Qa4 Qc8 11. O-O Qb7 12. Rac1 c5 13. Rfd1 Rac8 14. a3 Rfd8 15. h3 h6 16. Nb5 Nd5 17. Bg3 cxd4 18. exd4 Rxc1 19. Rxc1 Rd7 20. Ne5 Rd8 21. Nc6 Ra8 22. Nxe7+ Nxe7 23. Nd6 Qd5 24. Qxa6 Qxd4 25. Qb7 Rd8 26. Qxe7 1-0


[Site "https://www.chess.com"]

[Event "Titled Tuesday Blitz February 07 Early 2023"]
[White "Chakravarthi Reddy, M"]
[Black "Vargas, Mauricio"]
[WhiteFideId "25009532"]
[BlackFideId "4404572"]
[WhiteElo "2279"]
[BlackElo "2035"]
[Result "1-0"]
[Round "06"]
[TimeControl "180+2"]
[Date "2023.02.07"]
[WhiteClock "0:01:53"]
[BlackClock "0:00:02"]

1. e4 c5 2. Nf3 d6 3. Bb5+ Nd7 4. O-O a6 5. Bxd7+ Bxd7 6. c3 Bc6 7. Re1 e5 8. d4 cxd4 9. cxd4 b5 10. dxe5 dxe5 11. Qxd8+ Rxd8 12. Nxe5 Bb7 13. Nc3 Bc5 14. Be3 Bxe3 15. Rxe3 Nf6 16. a3 O-O 17. f4 Rd2 18. Rb1 Re8 19. Nf3 Rc2 20. e5 Ng4 21. Re2 Rxe2 22. Nxe2 Be4 23. Rd1 h5 24. h3 Ne3 25. Rd7 Rc8 26. Nfd4 Bg6 27. Kf2 Nf5 28. e6 fxe6 29. Nxe6 1-0


[Site "https://www.chess.com"]

[Event "Titled Tuesday Blitz February 07 Early 2023"]
[White "Castillo Pena, Patricia Evarista"]
[Black "Vifleemskaia, Svetlana"]
[WhiteFideId "6412106"]
[BlackFideId "4129490"]
[WhiteElo "1783"]
[BlackElo "1971"]
[Result "0-1"]
[Round "06"]
[TimeControl "180+2"]
[Date "2023.02.07"]
[WhiteClock "0:00:17"]
[BlackClock "0:00:16"]

1. d4 Nf6 2. Nf3 d5 3. e3 c5 4. Bd3 Nc6 5. b3 Bg4 6. Bb2 e6 7. O-O Be7 8. Nbd2 O-O 9. a3 Bh5 10. Qb1 Bg6 11. Bxg6 hxg6 12. Rd1 a5 13. c4 cxd4 14. exd4 dxc4 15. bxc4 Qb6 16. Qc2 a4 17. Rab1 Qa6 18. Ne5 Rfd8 19. Ndf3 Rac8 20. Rbc1 b5 21. cxb5 Qxb5 22. Nxc6 Rxc6 23. Qxc6 Qxb2 24. Qxa4 Qxa3 25. Qxa3 Bxa3 26. Rc7 Nd5 27. Ra7 Be7 28. Ne5 Rf8 29. Rb1 Bf6 30. f4 Nxf4 31. Rbb7 Bxe5 32. dxe5 g5 33. Kf2 Nd3+ 34. Ke3 Nxe5 35. Ke4 Ng6 36. g3 g4 37. Rd7 Nh8 38. Kf4 Ng6+ 39. Ke4 Nh8 40. Rdb7 Rc8 0-1


[Site "https://www.chess.com"]

[Event "Titled Tuesday Blitz February 07 Early 2023"]
[White "Mohammadian, Mohammad"]
[Black "Horak, Martin"]
[WhiteFideId "12566055"]
[BlackFideId "367095"]
[WhiteElo "1398"]
[BlackElo "2266"]
[Result "0-1"]
[Round "06"]
[TimeControl "180+2"]
[Date "2023.02.07"]
[WhiteClock "0:00:29"]
[BlackClock "0:00:27"]

1. e4 c5 2. Nf3 Nc6 3. d4 cxd4 4. Nxd4 g6 5. Be3 Bg7 6. Nc3 Nf6 7. Be2 O-O 8. Qd2 d5 9. exd5 Nxd5 10. Nxd5 Qxd5 11. Nxc6 Qxc6 12. Bf3 Qb5 13. c3 Be6 14. Be2 Bc4 15. Bxc4 Qxc4 16. Qe2 b5 17. Qxc4 bxc4 18. O-O Rfb8 19. Rab1 Rb7 20. Rfd1 Rab8 21. Bd4 Rxb2 22. Rxb2 Rxb2 23. Bxg7 Kxg7 24. f3 Rxa2 25. Rd4 Ra4 26. Rd7 Kf6 27. Rc7 Ke6 28. Kf2 Kd6 29. Rc8 e5 30. Ke3 f5 31. g3 Ra2 32. h4 Rg2 33. Rxc4 Rxg3 34. Kf2 f4 35. Ra4 Rh3 36. Rxa7 Rxh4 37. Ra6+ Kd5 38. Ra5+ Ke6 39. c4 Rh2+ 40. Kf1 Rc2 41. Ra6+ Kf5 42. Ra7 h5 43. Ra4 h4 44. Kg1 h3 45. Kh1 g5 46. Rb4 g4 47. fxg4+ Kxg4 48. c5 Rxc5 49. Re4 Kf3 50. Re1 e4 51. Rf1+ Kg4 52. Rg1+ Kf5 53. Kh2 e3 54. Kxh3 Ke4 55. Rg8 Kf3 56. Kh2 e2 57. Re8 Rc1 58. Re7 Rf1 59. Rxe2 Kxe2 60. Kg2 Rf3 61. Kg1 Ke3 62. Kg2 Ke4 63. Kg1 Re3 64. Kf2 Rd3 65. Ke2 Rd4 66. Kf2 Rd5 67. Ke2 Re5 68. Kf2 Rf5 69. Ke2 Rg5 70. Kf2 Rg7 71. Ke2 f3+ 72. Kf2 Kf4 73. Kf1 Ra7 74. Kf2 Ra6 75. Kf1 Ra2 76. Ke1 Kg5 77. Kf1 Kh6 78. Ke1 Kh7 79. Kf1 Kh8 80. Ke1 Kg8 81. Kf1 Kf8 82. Ke1 Ke8 83. Kf1 Ke7 84. Ke1 Kf6 85. Kf1 Ke5 86. Ke1 Kf4 87. Kf1 Ke3 88. Ke1 Ra1# 0-1


[Site "https://www.chess.com"]

[Event "Titled Tuesday Blitz February 07 Early 2023"]
[White "Kuchava, Ana"]
[Black "Hoffmann, Asa"]
[WhiteFideId "13605348"]
[BlackFideId "2001470"]
[WhiteElo "2101"]
[BlackElo "2185"]
[Result "0-1"]
[Round "06"]
[TimeControl "180+2"]
[Date "2023.02.07"]
[WhiteClock "0:00:06"]
[BlackClock "0:02:10"]

1. d4 Nf6 2. Nf3 d6 3. c4 c6 4. Nc3 Bf5 5. g3 h6 6. Bg2 Nbd7 7. O-O e5 8. Re1 e4 9. Nh4 Bh7 10. Bh3 g5 11. Bxd7+ Qxd7 12. Ng2 Qh3 13. f3 Bg7 14. Be3 O-O 15. Qd2 Rfe8 16. Kf2 Qf5 17. Kg1 Re7 18. f4 Qh3 19. f5 Ng4 0-1


[Site "https://www.chess.com"]

[Event "Titled Tuesday Blitz February 07 Early 2023"]
[White "Alfaro, William"]
[Black "Hartikainen, Jarmo"]
[WhiteFideId "6100457"]
[BlackFideId "503134"]
[WhiteElo "2134"]
[BlackElo "2108"]
[Result "1-0"]
[Round "06"]
[TimeControl "180+2"]
[Date "2023.02.07"]
[WhiteClock "0:01:44"]
[BlackClock "0:00:05"]

1. e4 c5 2. Nf3 e6 3. d4 cxd4 4. Nxd4 Nc6 5. Nb5 d6 6. Bf4 e5 7. Be3 a6 8. N5a3 b5 9. c4 b4 10. Nc2 Nf6 11. Bg5 Be7 12. Bxf6 Bxf6 13. Ne3 Be6 14. Nd2 O-O 15. Nf3 Nd4 16. Be2 Nxf3+ 17. Bxf3 Rc8 18. b3 g6 19. Qd3 Bg7 20. Rd1 Rc6 21. h4 f5 22. h5 Qc8 23. hxg6 hxg6 24. exf5 gxf5 25. Bxc6 Qxc6 26. Qxd6 Rc8 27. Qxc6 Rxc6 28. Nd5 Bxd5 29. Rxd5 e4 30. Rxf5 Bc3+ 31. Ke2 Rd6 32. Rd1 Rg6 33. g3 Kg7 34. Rd7+ Kh6 35. Ke3 Re6 36. g4 Kg6 37. Rfd5 Bf6 38. R7d6 Bg5+ 39. Rxg5+ Kxg5 40. Rxe6 1-0


[Site "https://www.chess.com"]

[Event "Titled Tuesday Blitz February 07 Early 2023"]
[White "Sabar, Ethmane Daouda"]
[Black "Kornyukov, Alexey"]
[WhiteFideId "19600097"]
[BlackFideId "4150457"]
[WhiteElo "2040"]
[BlackElo "2452"]
[Result "1-0"]
[Round "06"]
[TimeControl "180+2"]
[Date "2023.02.07"]
[WhiteClock "0:01:17"]
[BlackClock "0:01:20"]

1. e4 c5 2. a3 Nc6 3. b4 cxb4 4. axb4 Nxb4 5. Bb2 Nc6 6. d4 d5 7. exd5 Qxd5 8. Nf3 Bg4 9. Be2 Nf6 10. Nc3 Qd7 11. d5 Bxf3 12. gxf3 Rd8 13. dxc6 Qxc6 14. Bb5 1-0


[Site "https://www.chess.com"]

[Event "Titled Tuesday Blitz February 07 Early 2023"]
[White "Zaichenko, Daria"]
[Black "Burke, John F"]
[WhiteFideId "4197453"]
[BlackFideId "2052970"]
[WhiteElo "2104"]
[BlackElo "2013"]
[Result "1-0"]
[Round "06"]
[TimeControl "180+2"]
[Date "2023.02.07"]
[WhiteClock "0:00:26"]
[BlackClock "0:00:20"]

1. e4 c5 2. Nf3 Nc6 3. d4 cxd4 4. Nxd4 e6 5. Nc3 Qc7 6. Be3 a6 7. f4 Bb4 8. Bd3 d6 9. O-O Nf6 10. Na4 b5 11. Nxc6 Qxc6 12. Nb6 Rb8 13. Nxc8 Rxc8 14. e5 Nd5 15. Bd4 Bc5 16. Be4 dxe5 17. fxe5 Bxd4+ 18. Qxd4 Qb6 19. Rad1 Rc4 20. Qxb6 Nxb6 21. Bb7 a5 22. Ba6 Rc5 23. Rd6 Nc4 24. Rd4 Nxe5 25. c3 O-O 26. b4 axb4 27. cxb4 Rc2 28. Bxb5 Rxa2 29. Re1 Ng6 30. Bd7 Rb2 31. b5 Rb8 32. Rc4 h6 33. Rec1 Kh7 34. Rc8 Rxc8 35. Rxc8 Ne5 36. Be8 Kg6 37. Rb8 Ng4 38. g3 Ne3 39. Rb7 Rg2+ 40. Kh1 Rf2 41. h4 h5 42. Rxf7 1-0


[Site "https://www.chess.com"]

[Event "Titled Tuesday Blitz February 07 Early 2023"]
[White "Levine, David"]
[Black "Torres Dominguez, David"]
[WhiteFideId "2011611"]
[BlackFideId "2220857"]
[WhiteElo "2040"]
[BlackElo "1994"]
[Result "1-0"]
[Round "06"]
[TimeControl "180+2"]
[Date "2023.02.07"]
[WhiteClock "0:00:03"]
[BlackClock "0:00:03"]

1. d4 e5 2. dxe5 d6 3. exd6 Bxd6 4. Nf3 Bg4 5. Bg5 f6 6. Bh4 Nc6 7. Nbd2 Qe7 8. e3 O-O-O 9. Bd3 Nh6 10. Bg3 Nb4 11. Qe2 Nf5 12. Bxd6 Rxd6 13. h3 Bxf3 14. Nxf3 g5 15. a3 Nxd3+ 16. cxd3 Re8 17. O-O h5 18. Nh2 Kb8 19. Rfc1 Nd4 20. Qd1 Nc6 21. Rc4 g4 22. hxg4 Ne5 23. Re4 hxg4 24. Nxg4 Qd7 25. d4 Nxg4 26. Rxe8+ Qxe8 27. Qxg4 Rd7 28. Rc1 Rg7 29. Qf4 Qg8 30. g3 Qh8 31. Kg2 Rh7 32. Kf3 a6 33. Ke2 Re7 34. Rc5 Rd7 35. Rf5 Qg8 36. Rxf6 Qc4+ 37. Kf3 Qd5+ 38. Qe4 Qh5+ 39. Kg2 Rh7 40. Qh4 Qd5+ 41. Rf3 Rxh4 42. gxh4 a5 43. Kg3 a4 44. Rf4 b5 45. Rg4 Qd6+ 46. Kg2 b4 47. axb4 Qxb4 48. h5 Qxb2 49. Rh4 Qb6 50. h6 Qg6+ 51. Kf3 Qf5+ 52. Ke2 1-0


[Site "https://www.chess.com"]

[Event "Titled Tuesday Blitz February 07 Early 2023"]
[White "Ronka, Erik"]
[Black "Stolz, Mike"]
[WhiteFideId "505080"]
[BlackFideId "4617134"]
[WhiteElo "2276"]
[BlackElo "2330"]
[Result "1-0"]
[Round "06"]
[TimeControl "180+2"]
[Date "2023.02.07"]
[WhiteClock "0:00:12"]
[BlackClock "0:00:14"]

1. d4 Nf6 2. c4 e6 3. Nc3 Bb4 4. a3 Bxc3+ 5. bxc3 c5 6. e3 b6 7. Bd3 Nc6 8. f3 d6 9. Ne2 Qe7 10. e4 e5 11. O-O h6 12. f4 exd4 13. cxd4 Bg4 14. Qa4 Qd7 15. d5 Na5 16. Qc2 O-O-O 17. e5 dxe5 18. fxe5 Nxd5 19. cxd5 Qxd5 20. Be4 Qc4 21. Bf5+ Bxf5 22. Qxf5+ Kb8 23. Qf2 Nc6 24. Bf4 Qe6 25. a4 Nb4 26. a5 Nd3 27. Qe3 b5 28. a6 b4 29. Bg3 Rd5 30. Nf4 Nxf4 31. Bxf4 Rhd8 32. Bg3 Ka8 33. Qe4 Kb8 34. h3 Rd4 35. Qe3 Qd5 36. e6+ Ka8 37. exf7 Rf8 38. Qe8+ Qd8 39. Qb5 Qb6 40. Qe8+ Rd8 41. Qe4+ 1-0


[Site "https://www.chess.com"]

[Event "Titled Tuesday Blitz February 07 Early 2023"]
[White "Bolanos, Fernando"]
[Black "Qashashvili, Alexandre"]
[WhiteFideId "3304094"]
[BlackFideId "13600842"]
[WhiteElo "2248"]
[BlackElo "2505"]
[Result "1-0"]
[Round "06"]
[TimeControl "180+2"]
[Date "2023.02.07"]
[WhiteClock "0:00:22"]
[BlackClock "0:00:32"]

1. e4 c6 2. d4 d5 3. e5 Bf5 4. h4 h5 5. Bg5 Qb6 6. Bd3 Bxd3 7. Qxd3 e6 8. Nf3 Be7 9. O-O Nd7 10. c4 dxc4 11. Qxc4 Bxg5 12. hxg5 Ne7 13. Nc3 g6 14. Ne4 Nf5 15. b4 O-O 16. Rab1 Qb5 17. Qxb5 cxb5 18. Rbc1 Rfc8 19. Nd6 Nxd6 20. exd6 Rc4 21. Ne5 Nxe5 22. dxe5 Rxb4 23. Rc7 Rd4 24. Rxb7 a6 25. Rc1 Kg7 26. Rcc7 Rf8 27. Re7 b4 28. Rxe6 Rf4 29. Ree7 Rd4 30. d7 a5 31. e6 Kg8 32. Re8 Rd1+ 33. Kh2 fxe6 34. Rbb8 Rxd7 35. Rxf8+ Kg7 36. Rg8+ Kf7 37. Rbf8+ Ke7 38. Rg7+ Kd6 39. Rxd7+ Kxd7 40. Ra8 Kc6 41. Rxa5 Kb6 42. Re5 Kc7 43. Rxe6 b3 44. axb3 Kd7 45. Rxg6 Ke7 46. Rf6 h4 47. Kh3 Kd7 48. Kxh4 Ke7 49. Kg4 Kd7 50. Kf5 Ke7 51. g6 Kd7 52. g7 Ke7 53. g8=Q Kd7 54. Qg7+ Ke8 55. Rf8# 1-0


[Site "https://www.chess.com"]

[Event "Titled Tuesday Blitz February 07 Early 2023"]
[White "Winkels, Marcel"]
[Black "Quirke, Jeffrey"]
[WhiteFideId "1003887"]
[BlackFideId "2013029"]
[WhiteElo "1960"]
[BlackElo "2007"]
[Result "1-0"]
[Round "06"]
[TimeControl "180+2"]
[Date "2023.02.07"]
[WhiteClock "0:01:33"]
[BlackClock "0:00:29"]

1. d4 g6 2. e4 Bg7 3. Nc3 d5 4. Nf3 dxe4 5. Nxe4 Nf6 6. Nxf6+ exf6 7. Bc4 O-O 8. O-O c6 9. Re1 Nd7 10. c3 Qc7 11. g3 b5 12. Bf4 Qb6 13. Bb3 a5 14. a3 Bb7 15. Re7 Rad8 16. Bd6 c5 17. Bf4 cxd4 18. Nxd4 Nc5 19. Bc7 Rxd4 20. Bxb6 Rxd1+ 21. Bxd1 1-0


[Site "https://www.chess.com"]

[Event "Titled Tuesday Blitz February 07 Early 2023"]
[White "Zierk, Steven"]
[Black "Kamsky, Gata"]
[WhiteFideId "2034255"]
[BlackFideId "2000024"]
[WhiteElo "2488"]
[BlackElo "2665"]
[Result "1/2-1/2"]
[Round "07"]
[TimeControl "180+2"]
[Date "2023.02.07"]
[WhiteClock "0:00:58"]
[BlackClock "0:01:09"]

1. e4 c5 2. Nf3 e6 3. d4 cxd4 4. Nxd4 a6 5. c4 Nf6 6. Nc3 Qc7 7. a3 b6 8. Be2 Bb7 9. Be3 d6 10. f3 Nbd7 11. O-O Be7 12. Rc1 Rc8 13. b4 h5 14. Qd2 h4 15. Bg5 Qd8 16. Be3 Qc7 17. Nb3 Qb8 18. Rfd1 Ne5 19. Na4 Nfd7 20. f4 Ng6 21. Bf3 Bc6 22. Nc3 Ba8 23. Na4 Bc6 24. Nc3 Ba8 25. Na4 Bc6 1/2-1/2


[Site "https://www.chess.com"]